 Dungeon Crawl Stone Soup version 0.32-a0-418-g34023cf50c (webtiles) character file.

Game seed: 11113280728592936999

1484 Lusmu the Toxicologist (level 8, 51/51 HPs)
             Began as an Octopode Alchemist on Nov 21, 2023.
             Quit the game in the Ecumenical Temple on Feb 21, 2024.
             The game lasted 00:35:35 (6113 turns).

Lusmu the Toxicologist (Octopode Alchemist)         Turns: 6113, Time: 00:35:35

Health: 51/51      AC:  1    Str:  7    XL:     8   Next: 79%
Magic:  12/12      EV: 15    Int: 18    God:
Gold:   230        SH:  0    Dex: 22    Spells: 5/13 levels left

rFire   . . .        u - +4 hammer "Xunepteg" {holy, rElec}
rCold   . . .        (no shield)
rNeg    . . .        (helmet restricted)
rPois   +            y - amulet of regeneration
rElec   +            w - +6 ring of dexterity
rCorr   .            C - ring of poison resistance
SInv    .            (no ring)
Will    .....        (no ring)
Stlth   +++++        (no ring)
HPRegen 1.08/turn    (no ring)
MPRegen 0.13/turn    (no ring)
                     (no ring)

%: no passive effects
@: no status effects
A: almost no armour, amphibious, 8 rings, camouflage 1, gelatinous body 1,
(nimble swimmer 1), tentacles, tentacle spike 1, agile 1, sense surroundings 1
a: no special abilities


You were in the Ecumenical Temple.
You visited 2 branches of the dungeon, and saw 7 of its levels.

You collected 320 gold pieces.
You spent 90 gold pieces at shops.

Inventory:

Hand Weapons
 u - the +4 hammer "Xunepteg" (weapon) {holy, rElec}
   (You found it on level 4 of the Dungeon)

   rElec:     It insulates you from electricity.
 A - the +1 sling of Feral Punishment {freeze, Dex+3}
   (You found it on level 5 of the Dungeon)

   Dex+3:     It affects your dexterity (+3).
Missiles
 f - 3 poisoned darts
 i - 2 throwing nets
Armour
 d - an orb of light
Jewellery
 w - a +6 ring of dexterity (left tentacle)
 x - a ring of fire
 y - an amulet of regeneration (around mantle)
 C - a ring of poison resistance (right tentacle)
Talismans
 b - a flux talisman
Wands
 s - a wand of paralysis (13)
Scrolls
 e - a scroll of enchant weapon
 g - 2 scrolls of immolation
 o - a scroll of vulnerability
 p - 2 scrolls of revelation
 r - 2 scrolls of poison {unknown}
 v - a scroll of butterflies
 z - a scroll of enchant armour
 B - a scroll of teleportation
Potions
 a - a potion of magic
 c - 2 potions of enlightenment
 h - 2 potions of mutation
 j - a potion of heal wounds
 l - a potion of invisibility
 m - a potion of haste {unknown}
 n - 3 potions of attraction {unknown}
 q - a potion of curing
 t - a potion of might


   Skills:
 + Level 2.5 Fighting
 + Level 3.4 Dodging
 + Level 8.0 Stealth
 + Level 3.1 Spellcasting
 + Level 2.4 Conjurations
 - Level 2.0 Air Magic
 - Level 8.3 Alchemy


You had 5 spell levels left.
You knew the following spells:

 Your Spells              Type           Power      Damage    Failure   Level
a - Sting                 Conj/Alch      88%        1d8       1%          1
b - Mephitic Cloud        Conj/Alch/Air  18%        N/A       9%          3
c - Olgreb's Toxic Radia  Alch           32%        N/A       5%          4

Your spell library contained the following spells:

 Spells                   Type           Power      Damage    Failure   Level
 Mercury Vapours          Alch/Air       42%        N/A       3%          2


Dungeon Overview and Level Annotations

Branches:
Dungeon (6/15)             Temple (1/1) D:6

Altars:
Cheibriados
Dithmenos
Elyvilon
Fedhas
Gozag
Hepliaklqana
Kikubaaqudgha
Makhleb
Nemelex Xobeh
Okawaru
Qazlal
Ru
Sif Muna
Trog
Uskayaw
Vehumet
Wu Jian
Xom
Yredelemnul
Zin
The Shining One

Shops:
D:4 (!


Innate Abilities, Weirdness & Mutations

You cannot wear most types of armour.
You are amphibious.
You can wear up to eight rings at the same time.
Your skin changes colour to match your surroundings (Stealth+).
Your rubbery body absorbs attacks. (AC +1, EV +1)
((You are camouflaged when in or above water. (Stealth+)))
You have tentacles for arms and can constrict up to eight enemies at once.
One of your tentacles bears a spike.
You are agile. (Dex +4, Str/Int -1)
You passively map a small area around you.


Message History

There is a staircase back to the Dungeon here.
Found a shimmering altar of Xom.
Found an opulent altar of Gozag.
There is a stormy altar of Qazlal here.
Found a white marble altar of Elyvilon.
Found a glowing silver altar of Zin.
Found a bloodstained altar of Trog.
Found a sacrificial altar of Ru.
Found a blossoming altar of Fedhas.
Found a hazy altar of Hepliaklqana.
Found a shimmering blue altar of Sif Muna.
You enter the shallow water.
You enter the shallow water.
You enter the shallow water.
Found a radiant altar of Vehumet.
Saving game... please wait.
Welcome back, Lusmu the Octopode Venom Mage.
Press ? for a list of commands and other information.
Search for what [? for help]? shop Unknown command.
Saving game... please wait.
Welcome back, Lusmu the Octopode Venom Mage.
Press ? for a list of commands and other information.
There is a blossoming altar of Fedhas here.
You curl up in front of the altar of Fedhas.
Unknown command.
Saving game... please wait.
Unknown background choice: Venom Mage Your Transmutations skill gained 2 levels and is now at level 3!
Your Alchemy skill decreases to level 8!
Welcome back, Lusmu the Octopode Alchemist.
Press ? for a list of commands and other information.
Cast which spell? (? or * to list)
Okay, then.
Unknown command.
Unknown command.
Saving game... please wait.
Welcome back, Lusmu the Octopode Alchemist.
Press ? for a list of commands and other information.
Are you sure you want to abandon this character and quit the game? (Confirm with "yes".)

≈≈~~..~......~§≈≈≈≈≈~~.._.~~..≈♣
≈≈~....♣......≈~≈~≈~......~...~♣
~≈~._...§.......~~.~.....~~._.~♣♣
~~.~..♣..~....♣♣.....~~.~~~...~≈♣
~~~..~♣..♣._....♣.♣._...~~~..~~≈♣
♣~...♣§......~..♣♣.......~~.~≈≈≈♣
♣~~...............♣.~.._.~~.≈≈≈≈♣
♣♣~.♣..~....♣♣.♣..§...~...~~~≈≈≈♣
♣~~...~........@.~..♣♣.♣.~~≈≈≈≈♣
♣♣~..~~.._..♣~......♣♣♣♣.~~≈≈≈≈♣
♣♣~_.♣♣...~.~~..._.♣ ♣...≈≈≈≈♣♣
♣....♣♣.~~..~♣♣.~.♣♣♣§..~≈≈≈♣
♣♣.~~...♣♣._.~♣♣♣.~♣.....~≈≈≈♣
♣♣~~~~~.§.♣.......~........~≈≈♣
♣~~~~~.~_.~...._.~......♣..~~≈♣
♣♣~~......~..~........_.....~≈≈♣
♣~~♣♣.........~§~............~♣♣


There were no monsters in sight!

Vanquished Creatures
  Grinder (D:3)
  Duvessa (D:5)
  A black bear (D:4)
  2 ogres
  4 scorpions
  Dowan (D:5)
  A howler monkey (D:5)
  2 jellies
  An orc priest (D:3)
  3 hounds
  Crazy Yiuf (D:4)
  A sleepcap (D:6)
  3 iguanas (D:5)
  Natasha (thrice) (D:3)
  3 gnolls (D:5)
  5 adders
  2 white imps (D:5)
  5 ufetubi
  3 ribbon worms
  3 dart slugs
  17 orcs
  5 bats
  7 endoplasms
  2 giant cockroaches
  4 goblins
  5 hobgoblins
  2 jackals (D:1)
  3 kobolds
  3 quokkas
  9 ball pythons
  7 frilled lizards
  5 rats
115 creatures vanquished.

Notes
Turn   | Place    | Note
-------+----------+-------------------------------------------
     0 | D:1      | Lusmu the Octopode Venom Mage began the quest for the Orb.
     0 | D:1      | Reached XP level 1. HP: 11/11 MP: 3/3
   253 | D:1      | Reached XP level 2. HP: 17/17 MP: 1/5
  1174 | D:2      | Reached XP level 3. HP: 21/21 MP: 4/6
  1335 | D:2      | Found a faded altar of an unknown god.
  1758 | D:3      | Noticed Grinder
  1759 | D:3      | Paralysed by Grinder for 2 turns
  1763 | D:3      | Gained mutation: You are agile. (Dex +4, Str/Int -1)
                  | [potion of mutation]
  1763 | D:3      | Gained mutation: One of your tentacles bears a spike.
                  | [potion of mutation]
  1763 | D:3      | Gained mutation: You passively map a small area around you.
                  | [potion of mutation]
  1770 | D:3      | Killed Grinder
  1771 | D:3      | Reached XP level 4. HP: 23/27 MP: 7/7
  1771 | D:3      | Reached XP level 5. HP: 26/31 MP: 8/8
  1771 | D:3      | Reached XP level 6. HP: 30/36 MP: 9/9
  1776 | D:3      | Learned a level 3 spell: Mephitic Cloud
  1781 | D:3      | Learned a level 4 spell: Olgreb's Toxic Radiance
  1948 | D:3      | Found an iron altar of Okawaru.
  2111 | D:3      | Noticed Natasha
  2409 | D:3      | Killed Natasha
  2847 | D:4      | Reached XP level 7. HP: 41/41 MP: 3/10
  2850 | D:3      | Noticed Natasha
  2856 | D:3      | Killed Natasha
  2896 | D:3      | Noticed Natasha
  2942 | D:3      | Killed Natasha
  3219 | D:4      | Found Guorch's Weapon Boutique.
  3275 | D:4      | Found an ornate altar of the Wu Jian Council.
  3473 | D:4      | Found Jopsus's Distillery.
  3476 | D:4      | Bought a potion of might for 40 gold pieces
  3476 | D:4      | Bought a potion of heal wounds for 50 gold pieces
  3498 | D:4      | Found a runed translucent door.
  3499 | D:4      | Noticed Crazy Yiuf
  3509 | D:4      | Killed Crazy Yiuf
  3513 | D:4      | Identified the +4 hammer "Xunepteg" {holy, rElec}
  3717 | D:5      | Entered Level 5 of the Dungeon
  3976 | D:5      | Reached XP level 8. HP: 47/47 MP: 6/11
  4046 | D:5      | Reached skill level 1 in Fighting
  4048 | D:5      | Reached skill level 1 in Conjurations
  4048 | D:5      | Reached skill level 1 in Air Magic
  4319 | D:5      | Noticed Duvessa
  4319 | D:5      | Noticed Dowan
  4327 | D:5      | Killed Dowan
  4330 | D:5      | Killed Duvessa
  4877 | D:5      | Identified the +1 sling of Feral Punishment {freeze, Dex+3}
  6052 | D:6      | Found a staircase to the Ecumenical Temple.
  6066 | Temple   | Entered the Ecumenical Temple
  6101 | Temple   | Upgraded the game from 0.31-a0-1059-g83d41fd8b6 to
                  | 0.31-a0-1066-g35875b34c7
  6101 | Temple   | Upgraded the game from 0.31-a0-1066-g35875b34c7 to
                  | 0.31-a0-1068-g5939ac1fb6
  6111 | Temple   | Upgraded the game from 0.31-a0-1068-g5939ac1fb6 to
                  | 0.32-a0-418-g34023cf50c
  6113 | Temple   | Quit the game

Illustrated notes

Levels and vault maps discovered:
D:1:      nicolae_arrival_somewhat_less_tricky_arrival, layout_loops_corners
D:2:      layout_rooms, hellmonk_ecumenical_altar_heavens_door
D:3:      layout_basic, mainiacjoe_overflow_catwalk, minmay_quantized,
          uniq_natasha, uniq_grinder
D:4:      layout_rooms, nicolae_wu_jian_wuxing_cycle, serial_shops,
          kennysheep_mini, nicolae_shop_bloodbath_and_beyond, st_stairs_1,
          uniq_crazy_yiuf_cottage
D:5:      layout_gridville, minmay_quadrilaterals, uniq_duvessa
D:6:      layout_loops_corners, minmay_temple_entry_sparse_star
Temple:   nicolae_temple_bog_church

Skill      XL: |  1  2  3  4  5  6  7  8 |
---------------+-------------------------+-----
Stealth        | 3 6 7 8 |  8.0
Alchemy        | 4 6 7 9 8 |  8.3
Fighting       | 2 |  2.5
Conjurations   | 2 |  2.4
Air Magic      | 2 |  2.0
Dodging        | 3 |  3.4
Spellcasting   | 3 |  3.1
Transmutations | 3 |  0.0

Action                     |  1- 3 |  4- 6 |  7- 9 || total
---------------------------+-------+-------+-------++-------
  Melee: Unarmed           |    10 |       |       ||    10
         Constrict         |     8 |     6 |    25 ||    39
         Tentacles         |     7 |     3 |    20 ||    30
         Short sword       |    19 |    30 |    16 ||    65
         Kick              |     1 |     7 |    32 ||    40
         Mace              |       |       |    52 ||    52
         Punch             |       |       |     1 ||     1
   Cast: Sting             |    32 |    19 |    11 ||    62
         Olgreb's Toxic Ra |       |     4 |    22 ||    26
         Mephitic Cloud    |       |       |     6 ||     6
    Use: Potion            |     5 |       |     1 ||     6
         Scroll            |     3 |       |     7 ||    10
   Stab: Sleeping          |     9 |     9 |     6 ||    24
         Confused          |       |       |     2 ||     2
 Armour: Skin              |    12 |     7 |    49 ||    68
  Dodge: Dodged            |    11 |    10 |    61 ||    82

Table legend: (Time is in decaauts)
 A = Elapsed time spent in this place.
 B = Non-inter-level travel time spent in this place.
 C = Inter-level travel time spent in this place.
 D = Time resting spent in this place.
 E = Time spent auto-exploring this place.
 F = Levels seen in this place.
 G = Mean time per level.
                   A        B        C        D        E       F      G
               +--------+--------+--------+--------+--------+-----+--------+
         Total |   6150 |   5870 |    280 |   1352 |   1893 |   7 |  878.6 |
       Dungeon |   6103 |   5837 |    266 |   1352 |   1893 |   6 | 1017.2 |
        Temple |     46 |     32 |     14 |      0 |      0 |   1 |   46.0 |
               +--------+--------+--------+--------+--------+-----+--------+

Top non-repeatable levels by time:
     D:5: 1573 daAuts
     D:3: 1188 daAuts
     D:1: 1145 daAuts
     D:4: 819 daAuts
     D:6: 795 daAuts
     D:2: 581 daAuts
  Temple: 46 daAuts
